 Dungeon Crawl Stone Soup version 0.29.1-15-g9cfb28693d (webtiles) character file.

Game seed: 16416664244167842540

109 TroonPlatoon the Digger (level 4, -5/24 HPs)
             Began as a Gargoyle Earth Elementalist on Apr 15, 2023.
             Blown up by Ijyb (13 damage)
             ... with a mindburst bolt
             ... on level 3 of the Dungeon.
             The game lasted 00:04:41 (2917 turns).

TroonPlatoon the Digger (GrEE)                      Turns: 2917, Time: 00:04:42

Health: -5/24      AC:  6    Str: 11    XL:     4   Next: 89%
Magic:  7/9        EV: 11    Int: 18    God:
Gold:   112        SH:  0    Dex: 10    Spells: 8/9 levels left

rFire   . . .      SeeInvis .   m - +5 club (spect)
rCold   . . .      Faith    .   (no shield)
rNeg    + . .      Spirit   .   a - +0 robe
rPois   ∞          Reflect  .   f - +0 helmet
rElec   +          Harm     .   (no cloak)
rCorr   .          Rampage  .   (no gloves)
Will    .....                   (no boots)
Stlth   ++........              (no amulet)
HPRegen 0.08/turn               (no ring)
MPRegen 0.11/turn               (no ring)

@: no status effects
A: sickness immunity, AC +3, negative energy resistance 1, electricity
resistance, torment resistance 1, petrification resistance
a: no special abilities


You were on level 3 of the Dungeon.
You visited 1 branch of the dungeon, and saw 3 of its levels.

You collected 112 gold pieces.

Inventory:

Hand Weapons
 g - a +0 dagger
 m - a +5 spectral club (weapon)
Armour
 a - a +0 robe (worn)
 f - a +0 helmet (worn)
Wands
 o - a wand of polymorph (8)
Scrolls
 e - 3 scrolls of immolation {unknown}
 i - a scroll of poison {unknown}
 k - a scroll of brand weapon {unknown}
 l - a scroll of fear {unknown}
 n - a scroll of blinking {unknown}
 p - a scroll of identify {unknown}
Potions
 b - a potion of magic
 c - a potion of resistance
 d - a potion of ambrosia {unknown}
 h - a potion of cancellation {unknown}
 j - 4 potions of curing {unknown}


   Skills:
 - Level 1.5 Dodging
 - Level 2.1 Stealth
 + Level 3.4 Spellcasting
 - Level 0.7 Transmutations
 + Level 5.2 Earth Magic


You had 8 spell levels left.
You knew the following spells:

 Your Spells              Type           Power      Damage    Failure   Level
a - Sandblast             Erth           44%        2d11      1%          1

Your spell library contained the following spells:

 Spells                   Type           Power      Damage    Failure   Level
 Passwall                 Tmut/Erth      10%        N/A       7%          2
 Stone Arrow              Conj/Erth      24%        3d8       16%         3
 Petrify                  Tmut/Erth      13%        N/A       41%         4


Dungeon Overview and Level Annotations

Branches:
Dungeon (3/15)

Altars:

Annotations:
D:3 Ijyb


Innate Abilities, Weirdness & Mutations

You are immune to sickness and miasma.
Your stone body is resilient. (AC +3)
You are immune to poison.
You resist negative energy. (rN+)
You are resistant to electric shocks. (rElec)
You are resistant to unholy torment.
You are immune to petrification.


Message History

A ball python is nearby!
Found 2 stones.
The ball python hisses angrily.
You hear an angry hiss.
The ball python misses you. The ball python barely misses you.
You hit the ball python.
You kill the ball python!
No target in view!
A ball python comes into view.
A ball python is nearby!
Found a stone staircase leading up.
The ball python hisses angrily.
A ball python is nearby!
The ball python misses you. The ball python closely misses you.
You hit the ball python.
You kill the ball python!
No target in view!
No target in view!
You now have 112 gold pieces (gained 11).
You open the door.
Ijyb the Twisted Goblin comes into view.
She is wielding a +0 club and carrying a wand of mindburst (6).
There is an open door here.
Ijyb is nearby!
Ijyb shouts!
Ijyb zaps a wand.
You barely resist.
Aiming: Sandblast (safe; 1% risk of failure)
Press: ? - help, Q - select action, (/) - cycle Shift-Dir - straight line, f - Ijyb
Aim: Ijyb, wielding a +0 club, wearing a +0 chain mail and carrying a wand of mindburst (5) (83% to hit)
The blast of sand hits Ijyb but does no damage.
Ijyb screams, "Die!"
Ijyb zaps a wand.
Your mind is blasted!
Ouch! That really hurt!
You are too injured to fight recklessly!
Aiming: Sandblast (safe; 1% risk of failure)
Press: ? - help, Q - select action, (/) - cycle Shift-Dir - straight line, f/p - Ijyb
Aim: Ijyb, wielding a +0 club, wearing a +0 chain mail and carrying a wand of mindburst (4) (83% to hit)
The blast of sand hits Ijyb.
Ijyb is lightly wounded.
Ijyb zaps a wand.
Your mind is blasted!
Ouch! That really hurt!
You die...

#..........#
#.......(..#
#..........#
#..........#
#..........#
######'#+#.#
#.# .# #.#
.# #@# #.#
#.# #g. #.#
... # #.# #
#.# .....


You could see Ijyb.

Vanquished Creatures
  Jessica (D:2)
  An adder (D:3)
  2 worms (D:2)
  5 dart slugs (D:2)
  8 ball pythons
  3 endoplasms
  3 giant cockroaches
  8 goblins
  5 hobgoblins
  A jackal (D:1)
  3 quokkas (D:1)
  2 bats (D:1)
  5 frilled lizards
  3 kobolds
  4 rats
54 creatures vanquished.

Notes
Turn   | Place    | Note
-------+----------+-------------------------------------------
     0 | D:1      | TroonPlatoon the Gargoyle Earth Elementalist began the
                  | quest for the Orb.
     0 | D:1      | Reached XP level 1. HP: 10/10 MP: 3/3
   520 | D:1      | Reached skill level 4 in Earth Magic
   520 | D:1      | Reached XP level 2. HP: 15/15 MP: 0/5
  1119 | D:1      | Reached XP level 3. HP: 18/19 MP: 6/6
  2052 | D:2      | Reached XP level 4. HP: 16/24 MP: 4/8
  2296 | D:2      | Noticed Jessica
  2301 | D:2      | Killed Jessica
  2302 | D:2      | Reached skill level 5 in Earth Magic
  2912 | D:3      | Noticed Ijyb
  2917 | D:3      | Blown up by Ijyb

Illustrated notes

Levels and vault maps discovered:
D:1:      wander_arrival_desolate, layout_rooms, minmay_hedge_maze,
          st_stairs_14, minmay_cupped
D:2:      layout_basic, kennysheep_generic_room_16, uniq_jessica
D:3:      cheibrodos_thug_alley, layout_basic, pf_just_have_faith, uniq_ijyb

Skill      XL: |  1  2  3  4 |
---------------+-------------+-----
Earth Magic    | 4 5 |  5.2
Spellcasting   | 3 |  3.4
Dodging        | |  1.5
Stealth        | |  2.1
Transmutations | |  0.7

Action                   |  1- 3 |  4- 6 || total
-------------------------+-------+-------++-------
Melee: Unarmed           |     9 |       ||     9
       Dagger            |    45 |     4 ||    49
       Club              |       |    13 ||    13
 Cast: Sandblast         |    53 |     7 ||    60
 Stab: Sleeping          |     1 |     3 ||     4
Armor: Robe              |    31 |     5 ||    36
Dodge: Dodged            |    50 |    10 ||    60
